 Dungeon Crawl Stone Soup version 0.28.0-53-g5a82cb258f (webtiles) character file.

Game seed: 13476255253932655135

4797 H0rd4k the Slicer (level 10, -13/76 HPs)
             Began as a Human Artificer on July 12, 2022.
             Was an Initiate of Gozag.
             Mangled by Erica
             ... wielding a +3 scimitar of flaming
              (15 damage)
             ... on level 8 of the Dungeon.
             The game lasted 00:13:08 (11814 turns).

H0rd4k the Slicer (Human Artificer)                Turns: 11814, Time: 00:13:08

Health: -13/76     AC:  9    Str: 16    XL:     10   Next: 76%
Magic:  17/17      EV: 14    Int: 16    God:    Gozag
Gold:   421        SH:  0    Dex: 14    Spells: 18/18 levels left

rFire   . . .      SeeInvis .   B - +7 dagger of Poverty {vorpal, Str+4}
rCold   . . .      Faith    .   (no shield)
rNeg    . . .      Spirit   .   b - +0 leather armour
rPois   +          Reflect  .   w - +0 helmet
rElec   .          Harm     .   (no cloak)
rCorr   .          Rampage  .   y - +0 pair of gloves
Will    .....                   (no boots)
Stlth   +.........              (no amulet)
HPRegen 0.22/turn               p - +4 ring of protection
MPRegen 0.15/turn               F - ring of poison resistance

@: slowed, very slow
A: no striking features
a: Renounce Religion, Potion Petition, Call Merchant, Bribe Branch


You were on level 8 of the Dungeon.
You worshipped Gozag.
Gozag was aware of your devotion.
You visited 2 branches of the dungeon, and saw 9 of its levels.

You collected 535 gold pieces.
You paid 114 gold pieces to Gozag.

Inventory:

Hand Weapons
 t - a +0 flail
 A - a +1 vorpal mace
 B - the +7 dagger of Poverty (weapon) {vorpal, Str+4}
   (You found it on level 5 of the Dungeon)

   It inflicts extra damage upon your enemies.
   Str:       It affects your strength (+4).
Missiles
 z - 22 poisoned darts
Armour
 b - a +0 leather armour (worn)
 w - a +0 helmet (worn)
 y - a +0 pair of gloves (worn)
Jewellery
 p - a +4 ring of protection (left hand)
 F - a ring of poison resistance (right hand)
 H - a ring of protection from cold
 I - a ring of fire
Wands
 a - a wand of iceblast (9)
 c - a wand of flame (1) (quivered)
 d - a wand of charming (10)
 G - a wand of polymorph (3)
Scrolls
 g - 4 scrolls of vulnerability {unknown}
 h - 2 scrolls of noise {unknown}
 i - a scroll of enchant weapon {unknown}
 k - 2 scrolls of immolation {unknown}
 m - 3 scrolls of fear {unknown}
 o - 7 scrolls of identify {unknown}
 x - a scroll of amnesia {unknown}
 C - 2 scrolls of fog {unknown}
 D - a scroll of blinking {unknown}
 J - a scroll of silence {unknown}
Potions
 f - 7 potions of curing {unknown}
 j - 2 potions of might {unknown}
 l - 2 potions of mutation {unknown}
 n - a potion of heal wounds {unknown}
 q - a potion of flight {unknown}
 r - 3 potions of magic {unknown}
 s - 2 potions of attraction {unknown}
 u - 2 potions of lignification {unknown}
 v - 2 potions of resistance
 E - 2 potions of berserk rage
Miscellaneous
 e - a piece from Xom's chessboard (15/15)


   Skills:
 + Level 6.2 Fighting
 + Level 9.1 Short Blades
 - Level 4.3 Maces & Flails
 - Level 2.0 Armour
 + Level 6.5 Dodging
 - Level 1.0 Stealth
 * Level 4.8 Spellcasting
 + Level 4.6 Evocations


You had 18 spell levels left.
You didn't know any spells.
Your spell library contained the following spells:

 Spells                   Type           Power      Damage    Failure   Level
 Leda's Liquefaction      Hex/Erth       1%         N/A       88%         4
 Olgreb's Toxic Radiance  Pois           3%         N/A       88%         4
 Lee's Rapid Deconstruct  Erth           1%         3d5*      99%         5
 Statue Form              Tmut/Erth      2%         N/A       100%        6
 Ozocubu's Refrigeration  Ice            1%         4d5       100%        7
 Ignition                 Fire           1%         3d3       100%        8


Dungeon Overview and Level Annotations

Branches:
Dungeon (8/15)             Temple (1/1) D:7
   Lair: D:8-11

Altars:
Ashenzari
Cheibriados
Dithmenos
Elyvilon
Fedhas
Gozag
Kikubaaqudgha
Makhleb
Nemelex Xobeh
Okawaru
Qazlal
Ru
Sif Muna
Trog
Vehumet
Wu Jian
Xom
Yredelemnul
Zin
The Shining One

Shops:
D:4 (

Annotations:
D:1 1 exclusion
D:2 1 runed translucent door, exclusion: door, Crazy Yiuf
D:6 exclusion: downstairs
D:7 exclusion: troll, Harold
D:8 Erica


Message History

The lance of force hits you!
You are knocked back by the lance of force.
You slam into the rock wall!
Erica hits you with a +3 scimitar of flaming!
Erica burns you.
Erica hits you with a +3 scimitar of flaming.
Erica burns you.
You hit Erica.
Erica is moderately wounded.
Erica barely misses you.
You closely miss Erica.
Erica is moderately wounded.
You hit Erica.
Erica is moderately wounded.
Erica screams, "Coming here was suicide!
For you!"
Erica hits you with a +3 scimitar of flaming.
Erica burns you.
You barely miss Erica.
Erica is moderately wounded.
Erica hits you with a +3 scimitar of flaming.
Erica burns you.
You barely miss Erica.
Erica is moderately wounded.
Erica hits you with a +3 scimitar of flaming!
* * * LOW HITPOINT WARNING * * *
Erica burns you.
* * * LOW HITPOINT WARNING * * *
You hit Erica.
Erica is moderately wounded.
Aiming: Charm
Press: ? - help, Shift-Dir - straight line, f - Erica
Aim: Erica, wielding a +3 scimitar of flaming and wearing a +0 robe (moderately wounded, chance to affect: 26%) Erica easily resists.
Erica hits you with a +3 scimitar of flaming!
* * * LOW HITPOINT WARNING * * *
Erica burns you.
* * * LOW HITPOINT WARNING * * *
Erica hits you with a +3 scimitar of flaming!
You die...
Your body crumbles into a pile of gold.

### ##################.#
#.............>....#
##.###############.#
#.#(............#.#
#.#.###########@#.#
#.#.##.########@#.#
#.#.##.........Z#.#
#.#.##.#........#.#
#.#.##.#..........#
#.#.##.#.#......####
#.#.##.#...........########
#.#.##.............'.......
##.#.######.####....########


You could see Erica and a howler monkey zombie.

Vanquished Creatures
  Pikel (D:8)
  3 centaur zombies
  Psyche (D:8)
  5 yaks
  A water moccasin (D:7)
  A sky beast (D:6)
  3 ice beasts
  2 orc warriors
  2 black bears (D:6)
  2 necrophages
  An ogre (D:5)
  A lemure (D:8)
  A phantom (D:5)
  A kobold brigand (D:6)
  2 bullfrogs
  2 scorpions (D:6)
  A water moccasin zombie (D:5)
  A water moccasin skeleton (D:6)
  4 killer bees (D:7)
  4 wights (D:8)
  A vampire bat (D:4)
  3 howler monkeys
  2 bullfrog zombies (D:5)
  A centaur skeleton (D:6)
  2 hounds
  A jelly (D:5)
  A bullfrog skeleton (D:6)
  An orc priest (D:3)
  Jessica (D:2)
  3 iguanas
  3 orc wizards
  6 gnolls
  8 adders
  A shadow imp (D:8)
  2 white imps (D:6)
  A worm (D:2)
  2 dart slugs
  3 fire bats (D:4)
  18 orcs
  A spectral bat (D:4)
  15 bats
  3 bat skeletons (D:4)
  A bat zombie (D:4)
  2 endoplasms (D:4)
  A giant cockroach (D:2)
  8 goblins
  3 hobgoblins
  2 jackals (D:2)
  7 quokkas
  8 ball pythons
  A bat simulacrum (D:4)
  4 frilled lizards
  16 kobolds
  5 rats
176 creatures vanquished.

Vanquished Creatures (collateral kills)
  Pargi (D:3)
  2 gnolls (D:3)
  A dart slug (D:5)
  3 orcs
  A kobold (D:3)
8 creatures vanquished.

Vanquished Creatures (others)
  2 orc priests
  An orc (D:3)
  A spectral bat (D:4)
  A giant cockroach (D:1)
  2 bats (D:1)
7 creatures vanquished.

Grand Total: 191 creatures vanquished

Notes
Turn   | Place    | Note
-------+----------+-------------------------------------------
     0 | D:1      | H0rd4k the Human Artificer began the quest for the Orb.
     0 | D:1      | Reached XP level 1. HP: 15/15 MP: 1/1
   380 | D:1      | Found a faded altar of an unknown god.
   518 | D:1      | Reached XP level 2. HP: 19/21 MP: 2/2
   585 | D:1      | HP: 1/21 [constriction (1)]
  1724 | D:2      | Reached XP level 3. HP: 7/26 MP: 3/3
  1988 | D:2      | Found a stormy altar of Qazlal.
  2000 | D:2      | Noticed Jessica
  2004 | D:2      | Killed Jessica
  2005 | D:2      | Reached XP level 4. HP: 28/32 MP: 4/4
  2679 | D:2      | Reached skill level 1 in Maces & Flails
  2940 | D:2      | Found a runed translucent door.
  2941 | D:2      | Noticed Crazy Yiuf
  2986 | D:3      | Reached XP level 5. HP: 23/38 MP: 5/5
  3356 | D:3      | Noticed Pargi
  3367 | D:3      | Killed Pargi
  3368 | D:3      | Reached XP level 6. HP: 10/44 MP: 6/6
  4877 | D:4      | Found Qobrowad's Weapon Shop.
  5098 | D:4      | Reached XP level 7. HP: 33/52 MP: 7/7
  6058 | D:5      | Entered Level 5 of the Dungeon
  6371 | D:5      | Identified the +7 dagger of Poverty {vorpal, Str+4}
  6681 | D:5      | Reached skill level 1 in Short Blades
  6717 | D:5      | Reached skill level 1 in Spellcasting
  6717 | D:5      | Reached XP level 8. HP: 24/58 MP: 9/9
  6997 | D:5      | Reached skill level 2 in Short Blades
  7130 | D:5      | Reached skill level 3 in Short Blades
  7659 | D:6      | Reached skill level 4 in Short Blades
  7838 | D:6      | Reached skill level 5 in Short Blades
  7838 | D:6      | Reached XP level 9. HP: 30/65 MP: 12/12
  8144 | D:6      | Reached skill level 6 in Short Blades
  8569 | D:6      | Reached skill level 5 in Dodging
  9037 | D:6      | Reached skill level 5 in Fighting
  9144 | D:6      | Reached skill level 7 in Short Blades
  9533 | D:7      | Noticed a troll
  9583 | D:7      | Reached XP level 10. HP: 30/74 MP: 15/15
  9954 | D:7      | Reached skill level 8 in Short Blades
 10039 | D:7      | Found a staircase to the Ecumenical Temple.
 10144 | Temple   | Entered the Ecumenical Temple
 10325 | Temple   | Became a worshipper of Gozag Ym Sagoz the Greedy
 10404 | D:7      | Noticed Harold
 11106 | D:8      | Noticed Psyche
 11152 | D:8      | Killed Psyche
 11197 | D:8      | Noticed Pikel
 11247 | D:8      | Killed Pikel
 11360 | D:8      | Reached skill level 9 in Short Blades
 11762 | D:8      | Noticed Erica
 11814 | D:8      | HP: 2/76 [Erica/+3 scimitar of flaming (2)]
 11814 | D:8      | Mangled by Erica

Illustrated notes

Levels and vault maps discovered:
D:1:      giann_wishing_wells, layout_basic,
          shapermc_ecumenical_altar_totnotflames, minmay_statues_item,
          wad_floor_pattern_1
D:2:      layout_rooms, basic_altar, serial_park_tiny_2, uniq_jessica,
          uniq_crazy_yiuf_cottage
D:3:      layout_loops_ring, uniq_pargi
D:4:      layout_loops_corners, serial_shops, shop, goddamned_bats
D:5:      layout_cave_pods
D:6:      layout_cave_pools, grunt_ministairs_2,
          minmay_fractal_squares_diagonal_5
D:7:      layout_cave_pools, temple_doors_e, uniq_harold
D:8:      layout_basic, erik_lair_dragon, uniq_erica, uniq_pikel, uniq_psyche
Temple:   mainiacjoe_temple_starburst

Skill      XL: |  1  2  3  4  5  6  7  8  9 10 |
---------------+-------------------------------+-----
Evocations     | 4 |  4.6
Maces & Flails | 1 2 3 4 |  4.3
Dodging        | 2 3 4 5 6 |  6.5
Fighting       | 2 3 4 5 6 |  6.2
Short Blades   | 1 5 7 9 |  9.1
Spellcasting   | 1 2 3 4 |  4.8
Armour         | |  2.0
Stealth        | |  1.0

Action                   |  1- 3 |  4- 6 |  7- 9 | 10-12 || total
-------------------------+-------+-------+-------+-------++-------
Melee: Club              |    57 |   243 |       |       ||   300
       Punch             |       |     6 |     3 |     3 ||    12
       Flail             |       |    51 |    69 |       ||   120
       Dagger            |       |       |   293 |   171 ||   464
       Unarmed           |       |       |       |     2 ||     2
Evoke: Wand              |    12 |     9 |     3 |     2 ||    26
       Piece from Xom's  |       |     2 |       |       ||     2
 Stab: Sleeping          |     1 |       |     2 |       ||     3
       Distracted        |       |     1 |       |       ||     1
Armor: Leather armour    |    28 |   152 |   187 |    26 ||   393
       Skin              |       |       |       |     2 ||     2
Dodge: Dodged            |    65 |   218 |   294 |    60 ||   637
